[ AOE2 MATCH · #477697774 ]
UnrankedKoreans vs Byzantines
[ REPLAY ANALYSIS · EXTRACTED FROM THE RECORDED GAME ]
Feudal
14:27
Castle
20:12
Imperial
32:41
| APM avg | 16.4 |
| APM peak | 39 |
| eAPM avg | 13.9 |
| Villagers / military | 291 / 204 |
Focus
⚔️ 22.1% · 🌾 77.9%
War Wagon ×46 · Archer ×45 · Skirmisher ×35 · Scout Cavalry ×35 · Spearman ×30 · Trebuchet (Packed) ×13
Feudal
13:43
Castle
20:58
Imperial
32:04
| APM avg | 31.5 |
| APM peak | 118 |
| eAPM avg | 25.5 |
| Villagers / military | 102 / 306 |
Focus
⚔️ 29.4% · 🌾 70.6%
Spearman ×180 · Hand Cannoneer ×40 · Cataphract ×30 · Trade Cart ×29 · Bombard Cannon ×21 · Militia ×20
Feudal
—
Castle
—
Imperial
—
| APM avg | 5.6 |
| APM peak | 98 |
| eAPM avg | 1.5 |
| Villagers / military | 25 / 0 |
Focus
⚔️ 3.5% · 🌾 96.5%
Feudal
14:16
Castle
—
Imperial
—
| APM avg | 6.6 |
| APM peak | 34 |
| eAPM avg | 4.2 |
| Villagers / military | 71 / 0 |
Focus
⚔️ 5.7% · 🌾 94.3%
Feudal
—
Castle
—
Imperial
—
| APM avg | 1.1 |
| APM peak | 20 |
| eAPM avg | 0.8 |
| Villagers / military | 28 / 0 |
Focus
⚔️ 2.8% · 🌾 97.2%
Feudal
10:16
Castle
20:10
Imperial
39:21
| APM avg | 26.0 |
| APM peak | 70 |
| eAPM avg | 13.1 |
| Villagers / military | 114 / 218 |
Focus
⚔️ 28.6% · 🌾 71.4%
Plumed Archer ×199 · Trade Cart ×14 · Spearman ×8 · Trebuchet (Packed) ×7 · Mangonel ×3 · Monk ×1
Feudal
—
Castle
—
Imperial
—
| APM avg | 1.9 |
| APM peak | 27 |
| eAPM avg | 0.9 |
| Villagers / military | 18 / 0 |
Focus
⚔️ 16.2% · 🌾 83.8%
Feudal
—
Castle
—
Imperial
—
| APM avg | 0.9 |
| APM peak | 18 |
| eAPM avg | 0.3 |
| Villagers / military | 2 / 0 |
Focus
⚔️ 16.7% · 🌾 83.3%
Match map
Initial resources + every placement click. Lines = walls · curves = elevation contours. ◆ gold · ⬟ stone · ● berries · ✦ relic · ◌ wall gap
Your base· Open — opponent sealed themselves in
danok83's base· ✓ Closed at 20:58 · 12t walls · 2 gate(s)
Sean8922's base· Open — opponent sealed themselves in
bilgi's base· ✓ Closed at 12:00 · 20t walls · no gate
GUS_1234's base· ✓ Closed at 12:00 · 0t walls · no gate
Cole12335's base· ✓ Closed at 20:10 · 0t walls · no gate
UBATAY2732's base· Open — opponent sealed themselves in
mziljian15's base· Open — opponent sealed themselves in
Smoothed initial terrain · ◌ = detected wall gap · hover for details
Inputs per minute
— lesteredie - - danok83
Build order — lesteredie
First 150 of 487 actions detected
| 0:06 | Build | House |
| 0:08 | Build | House |
| 0:09 | Research | Loom |
| 0:12 | Create | Villager (Male) |
| 0:13 | Create | Villager (Male) |
| 0:30 | Create | Villager (Male) |
| 0:30 | Create | Villager (Male) |
| 1:56 | Create | Villager (Male) |
| 2:29 | Create | Villager (Male) |
| 2:47 | Create | Villager (Male) |
| 3:25 | Create | Villager (Male) |
| 3:25 | Create | Villager (Male) |
| 3:46 | Build | Lumber Camp |
| 3:51 | Create | Villager (Male) |
| 3:51 | Create | Villager (Male) |
| 3:58 | Build | House |
| 4:01 | Build | House |
| 4:28 | Create | Villager (Male) |
| 4:48 | Create | Villager (Male) |
| 4:48 | Create | Villager (Male) |
| 5:40 | Create | Villager (Male) |
| 5:41 | Create | Villager (Male) |
| 6:07 | Build | Lumber Camp |
| 6:45 | Create | Villager (Male) |
| 7:05 | Create | Villager (Male) |
| 7:22 | Create | Villager (Male) |
| 7:38 | Build | Mill |
| 7:55 | Create | Villager (Male) |
| 7:56 | Create | Villager (Male) |
| 8:17 | Build | House |
| 8:19 | Build | House |
| 8:56 | Create | Villager (Male) |
| 8:56 | Create | Villager (Male) |
| 9:24 | Create | Villager (Male) |
| 9:24 | Create | Villager (Male) |
| 9:25 | Create | Villager (Male) |
| 10:49 | Build | Mining Camp |
| 10:55 | Create | Villager (Male) |
| 11:27 | Create | Villager (Male) |
| 11:43 | Create | Villager (Male) |
| 12:05 | Build | Mining Camp |
| 12:08 | Research | Feudal Age |
| 12:37 | Build | Farm |
| 12:39 | Build | Farm |
| 12:40 | Build | Farm |
| 12:41 | Build | Farm |
| 12:47 | Build | Farm |
| 12:58 | Build | House |
| 12:59 | Build | House |
| 13:01 | Build | House |
| 13:02 | Build | House |
| 14:13 | Build | Farm |
| 14:16 | Build | Farm |
| 14:17 | Build | Farm |
| 14:19 | Build | Farm |
| 14:20 | Build | Farm |
| 14:27 | Age | Feudal Age |
| 14:29 | Research | Wheelbarrow |
| 14:45 | Build | Blacksmith |
| 14:56 | Build | Market |
| 15:38 | Create | Villager (Male) |
| 15:39 | Create | Villager (Male) |
| 15:58 | Build | House |
| 15:59 | Build | House |
| 16:02 | Build | House |
| 16:04 | Build | House |
| 16:17 | Create | Villager (Male) |
| 16:57 | Create | Villager (Male) |
| 17:08 | Build | Farm |
| 17:32 | Research | Castle Age |
| 17:44 | Build | Farm |
| 17:47 | Build | Farm |
| 17:50 | Build | Farm |
| 17:56 | Research | Double-Bit Axe |
| 18:12 | Build | Barracks |
| 18:29 | Research | Horse Collar |
| 19:15 | Build | Archery Range |
| 19:18 | Build | Archery Range |
| 19:34 | Build | Stone Wall |
| 19:53 | Research | Gold Mining |
| 19:54 | Research | Stone Mining |
| 20:12 | Age | Castle Age |
| 20:16 | Build | Town Center |
| 20:26 | Build | Town Center |
| 20:35 | Research | Hand Cart |
| 20:56 | Build | Town Center |
| 21:24 | Research | Bow Saw |
| 21:38 | Build | House |
| 21:43 | Create | Villager (Male) |
| 21:44 | Create | Villager (Male) |
| 21:45 | Create | Villager (Male) |
| 21:46 | Create | Villager (Male) |
| 21:58 | Build | Castle |
| 22:01 | Create | Villager (Male) |
| 22:01 | Create | Villager (Male) |
| 22:10 | Create | Villager (Male) |
| 22:15 | Create | Villager (Male) |
| 22:18 | Create | Villager (Male) |
| 22:25 | Build | House |
| 22:26 | Build | House |
| 22:27 | Build | House |
| 22:29 | Build | House |
| 22:35 | Create | Villager (Male) |
| 22:39 | Create | Villager (Male) |
| 22:40 | Create | Villager (Male) |
| 22:48 | Build | Farm |
| 22:49 | Build | Farm |
| 22:49 | Build | Farm |
| 22:50 | Build | Farm |
| 22:54 | Create | Villager (Male) |
| 22:55 | Create | Villager (Male) |
| 22:57 | Create | Villager (Male) |
| 23:18 | Create | Villager (Male) |
| 23:20 | Create | Villager (Male) |
| 23:25 | Build | Farm |
| 23:27 | Create | Villager (Male) |
| 23:29 | Create | Villager (Male) |
| 23:38 | Create | Villager (Male) |
| 23:45 | Create | Villager (Male) |
| 23:52 | Create | Villager (Male) |
| 23:58 | Create | Villager (Male) |
| 24:11 | Research | Heavy Plow |
| 24:22 | Build | House |
| 24:23 | Build | House |
| 24:24 | Build | House |
| 24:25 | Build | House |
| 24:26 | Build | House |
| 24:27 | Build | House |
| 24:31 | Create | Villager (Male) |
| 24:32 | Create | Villager (Male) |
| 24:38 | Create | Villager (Male) |
| 24:39 | Create | Villager (Male) |
| 24:52 | Create | Villager (Male) |
| 24:52 | Create | Villager (Male) |
| 25:02 | Build | Farm |
| 25:02 | Build | Farm |
| 25:02 | Build | Farm |
| 25:02 | Build | Farm |
| 25:03 | Build | Farm |
| 25:03 | Build | Farm |
| 25:03 | Build | Farm |
| 25:04 | Build | Farm |
| 25:04 | Build | Farm |
| 25:09 | Create | Villager (Male) |
| 25:10 | Create | Villager (Male) |
| 25:11 | Create | Villager (Male) |
| 25:12 | Create | Villager (Male) |
| 25:12 | Create | Villager (Male) |
| 25:21 | Build | Farm |
| 25:22 | Build | Farm |
Build order — danok83
First 150 of 430 actions detected
| 0:01 | Create | Villager (Male) |
| 0:02 | Create | Villager (Male) |
| 0:02 | Create | Villager (Male) |
| 0:02 | Create | Villager (Male) |
| 0:04 | Build | House |
| 1:43 | Create | Villager (Male) |
| 1:45 | Research | Loom |
| 1:55 | Build | House |
| 1:59 | Build | House |
| 2:04 | Build | Palisade Wall |
| 2:20 | Build | House |
| 2:27 | Create | Villager (Male) |
| 2:52 | Create | Villager (Male) |
| 3:26 | Create | Villager (Male) |
| 4:13 | Create | Villager (Male) |
| 4:13 | Create | Villager (Male) |
| 4:35 | Build | Palisade Gate |
| 4:51 | Create | Villager (Male) |
| 5:01 | Build | House |
| 5:08 | Build | Lumber Camp |
| 5:11 | Create | Villager (Male) |
| 5:28 | Build | Palisade Wall |
| 5:39 | Build | House |
| 5:43 | Build | Palisade Gate |
| 5:48 | Create | Villager (Male) |
| 5:49 | Create | Villager (Male) |
| 6:26 | Create | Villager (Male) |
| 6:50 | Build | Mill |
| 6:54 | Create | Villager (Male) |
| 7:29 | Create | Villager (Male) |
| 7:39 | Build | Dock |
| 8:12 | Create | Villager (Male) |
| 8:12 | Create | Villager (Male) |
| 8:12 | Create | Villager (Male) |
| 8:38 | Create | Fishing Ship |
| 8:38 | Create | Fishing Ship |
| 9:24 | Create | Villager (Male) |
| 9:24 | Create | Villager (Male) |
| 9:30 | Create | Villager (Male) |
| 9:47 | Build | Dock |
| 10:14 | Create | Fishing Ship |
| 10:15 | Create | Fishing Ship |
| 10:21 | Build | House |
| 10:33 | Build | Mill |
| 10:50 | Create | Villager (Male) |
| 11:33 | Research | Feudal Age |
| 12:07 | Create | Villager (Male) |
| 12:07 | Create | Villager (Male) |
| 12:39 | Create | Fishing Ship |
| 12:39 | Create | Fishing Ship |
| 12:40 | Create | Fishing Ship |
| 12:41 | Create | Fishing Ship |
| 13:39 | Create | Villager (Male) |
| 13:39 | Create | Villager (Male) |
| 13:43 | Age | Feudal Age |
| 13:55 | Build | Market |
| 14:01 | Research | Double-Bit Axe |
| 14:18 | Build | Mining Camp |
| 14:21 | Create | Villager (Male) |
| 14:21 | Create | Villager (Male) |
| 14:38 | Build | House |
| 14:53 | Build | Fish Trap |
| 15:06 | Build | House |
| 15:17 | Create | Villager (Male) |
| 15:17 | Create | Villager (Male) |
| 15:29 | Build | Fish Trap |
| 15:32 | Build | Fish Trap |
| 15:53 | Build | Lumber Camp |
| 16:15 | Create | Villager (Male) |
| 16:15 | Create | Villager (Male) |
| 16:15 | Create | Villager (Male) |
| 16:25 | Build | Blacksmith |
| 16:46 | Build | Mining Camp |
| 16:59 | Build | Fish Trap |
| 17:09 | Build | Fish Trap |
| 17:18 | Research | Castle Age |
| 17:29 | Build | Fish Trap |
| 17:36 | Build | Fish Trap |
| 17:55 | Build | Fish Trap |
| 18:01 | Build | House |
| 18:30 | Build | House |
| 18:31 | Build | House |
| 18:50 | Research | Stone Mining |
| 18:51 | Research | Horse Collar |
| 18:57 | Research | Gold Mining |
| 19:52 | Build | Farm |
| 20:06 | Create | Fishing Ship |
| 20:06 | Create | Fishing Ship |
| 20:19 | Create | Trade Cart |
| 20:38 | Create | Villager (Male) |
| 20:38 | Create | Villager (Male) |
| 20:38 | Create | Villager (Male) |
| 20:39 | Create | Villager (Male) |
| 20:46 | Create | Trade Cart |
| 20:58 | Age | Castle Age |
| 20:59 | Build | Town Center |
| 21:11 | Build | Town Center |
| 21:17 | Build | Town Center |
| 21:29 | Build | Town Center |
| 21:33 | Build | Fish Trap |
| 21:43 | Create | Villager (Male) |
| 21:44 | Create | Villager (Male) |
| 21:46 | Create | Villager (Male) |
| 21:47 | Create | Villager (Male) |
| 21:47 | Create | Villager (Male) |
| 21:55 | Build | Fish Trap |
| 21:59 | Create | Villager (Male) |
| 21:59 | Create | Villager (Male) |
| 22:00 | Create | Villager (Male) |
| 22:22 | Build | Lumber Camp |
| 22:25 | Create | Villager (Male) |
| 22:27 | Create | Villager (Male) |
| 22:27 | Create | Villager (Male) |
| 22:28 | Create | Villager (Male) |
| 22:30 | Create | Villager (Male) |
| 22:33 | Create | Villager (Male) |
| 23:10 | Build | Dock |
| 23:15 | Create | Fishing Ship |
| 23:17 | Create | Fishing Ship |
| 23:19 | Create | Villager (Male) |
| 23:21 | Build | Farm |
| 23:22 | Build | Farm |
| 23:23 | Build | Farm |
| 23:27 | Create | Villager (Male) |
| 23:27 | Create | Villager (Male) |
| 23:30 | Create | Villager (Male) |
| 23:31 | Create | Villager (Male) |
| 23:40 | Build | Market |
| 23:41 | Build | Market |
| 23:45 | Create | Trade Cart |
| 24:05 | Build | Fish Trap |
| 24:09 | Build | Fish Trap |
| 24:13 | Create | Fishing Ship |
| 24:16 | Create | Fishing Ship |
| 24:24 | Create | Fishing Ship |
| 24:26 | Create | Villager (Male) |
| 24:27 | Create | Villager (Male) |
| 24:39 | Create | Villager (Male) |
| 24:40 | Create | Villager (Male) |
| 24:41 | Build | Farm |
| 24:41 | Build | Farm |
| 24:42 | Build | Farm |
| 24:44 | Create | Villager (Male) |
| 24:46 | Create | Villager (Male) |
| 24:46 | Create | Villager (Male) |
| 25:19 | Create | Villager (Male) |
| 25:20 | Build | Farm |
| 25:21 | Build | Farm |
| 25:21 | Build | Farm |
| 25:22 | Build | Farm |
Build order — Sean8922
31 actions detected in the replay
| 0:01 | Create | Villager (Male) |
| 0:01 | Create | Villager (Male) |
| 0:01 | Create | Villager (Male) |
| 0:01 | Create | Villager (Male) |
| 0:03 | Build | House |
| 0:05 | Build | House |
| 1:19 | Create | Villager (Male) |
| 1:19 | Create | Villager (Male) |
| 1:45 | Create | Villager (Male) |
| 2:06 | Create | Villager (Male) |
| 2:06 | Create | Villager (Male) |
| 2:20 | Build | Lumber Camp |
| 2:26 | Create | Villager (Male) |
| 2:48 | Create | Villager (Male) |
| 2:59 | Build | House |
| 3:00 | Build | House |
| 3:01 | Create | Villager (Male) |
| 3:02 | Create | Villager (Male) |
| 3:15 | Create | Villager (Male) |
| 3:39 | Create | Villager (Male) |
| 3:40 | Create | Villager (Male) |
| 3:45 | Create | Villager (Male) |
| 3:45 | Create | Villager (Male) |
| 4:02 | Build | House |
| 4:32 | Create | Villager (Male) |
| 4:32 | Create | Villager (Male) |
| 4:49 | Create | Villager (Male) |
| 4:54 | Create | Villager (Male) |
| 4:55 | Create | Villager (Male) |
| 5:21 | Create | Villager (Male) |
| 5:28 | Create | Villager (Male) |
Build order — bilgi
129 actions detected in the replay
| 0:28 | Research | Loom |
| 0:29 | Create | Villager (Male) |
| 0:29 | Create | Villager (Male) |
| 0:29 | Create | Villager (Male) |
| 0:30 | Create | Villager (Male) |
| 0:30 | Create | Villager (Male) |
| 0:42 | Build | House |
| 0:43 | Build | House |
| 0:45 | Build | House |
| 2:34 | Create | Villager (Male) |
| 2:35 | Create | Villager (Male) |
| 3:40 | Build | Palisade Wall |
| 3:56 | Create | Villager (Male) |
| 3:56 | Create | Villager (Male) |
| 3:56 | Create | Villager (Male) |
| 3:57 | Create | Villager (Male) |
| 3:57 | Create | Villager (Male) |
| 4:31 | Create | Villager (Male) |
| 4:32 | Create | Villager (Male) |
| 4:32 | Create | Villager (Male) |
| 4:32 | Create | Villager (Male) |
| 4:59 | Build | Palisade Wall |
| 4:59 | Build | Palisade Wall |
| 5:18 | Create | Villager (Male) |
| 5:18 | Create | Villager (Male) |
| 5:18 | Create | Villager (Male) |
| 5:19 | Create | Villager (Male) |
| 6:14 | Build | Palisade Wall |
| 6:14 | Build | Palisade Wall |
| 6:51 | Create | Villager (Male) |
| 6:51 | Create | Villager (Male) |
| 6:52 | Create | Villager (Male) |
| 6:52 | Create | Villager (Male) |
| 7:38 | Build | Mill |
| 11:30 | Build | Lumber Camp |
| 12:06 | Research | Feudal Age |
| 12:30 | Create | Villager (Male) |
| 12:30 | Create | Villager (Male) |
| 12:31 | Create | Villager (Male) |
| 12:31 | Create | Villager (Male) |
| 12:31 | Create | Villager (Male) |
| 12:32 | Create | Villager (Male) |
| 12:32 | Create | Villager (Male) |
| 12:32 | Create | Villager (Male) |
| 12:55 | Build | House |
| 12:57 | Build | House |
| 12:59 | Build | House |
| 13:00 | Build | House |
| 14:16 | Age | Feudal Age |
| 14:19 | Research | Horse Collar |
| 14:21 | Research | Wheelbarrow |
| 14:24 | Research | Double-Bit Axe |
| 14:42 | Build | Mill |
| 14:47 | Create | Villager (Male) |
| 14:48 | Create | Villager (Male) |
| 14:48 | Create | Villager (Male) |
| 14:48 | Create | Villager (Male) |
| 14:49 | Create | Villager (Male) |
| 16:12 | Build | Farm |
| 16:17 | Create | Villager (Male) |
| 16:17 | Create | Villager (Male) |
| 16:18 | Create | Villager (Male) |
| 16:18 | Create | Villager (Male) |
| 16:18 | Create | Villager (Male) |
| 16:36 | Build | Farm |
| 16:47 | Build | Farm |
| 16:52 | Build | Farm |
| 16:58 | Build | Farm |
| 17:06 | Build | Farm |
| 18:05 | Build | Farm |
| 18:10 | Build | Farm |
| 18:20 | Build | Farm |
| 18:45 | Build | Farm |
| 19:16 | Create | Villager (Male) |
| 19:16 | Create | Villager (Male) |
| 19:16 | Create | Villager (Male) |
| 19:16 | Create | Villager (Male) |
| 19:17 | Create | Villager (Male) |
| 19:17 | Create | Villager (Male) |
| 19:17 | Create | Villager (Male) |
| 19:17 | Create | Villager (Male) |
| 19:18 | Create | Villager (Male) |
| 19:23 | Create | Villager (Male) |
| 19:24 | Create | Villager (Male) |
| 19:49 | Build | Farm |
| 20:06 | Build | Farm |
| 20:27 | Build | Farm |
| 21:00 | Build | Farm |
| 21:27 | Build | Farm |
| 21:49 | Build | Farm |
| 21:59 | Build | Farm |
| 22:17 | Build | Farm |
| 22:37 | Build | Farm |
| 23:00 | Build | Farm |
| 23:09 | Build | Farm |
| 23:14 | Build | Farm |
| 23:39 | Build | Farm |
| 23:58 | Build | Farm |
| 24:15 | Build | Farm |
| 24:33 | Create | Villager (Male) |
| 24:33 | Create | Villager (Male) |
| 24:34 | Create | Villager (Male) |
| 24:34 | Create | Villager (Male) |
| 25:09 | Build | Farm |
| 25:30 | Build | Farm |
| 26:00 | Build | Farm |
| 44:34 | Create | Villager (Male) |
| 44:34 | Create | Villager (Male) |
| 44:35 | Create | Villager (Male) |
| 44:35 | Create | Villager (Male) |
| 44:35 | Create | Villager (Male) |
| 44:35 | Create | Villager (Male) |
| 44:36 | Create | Villager (Male) |
| 44:36 | Create | Villager (Male) |
| 46:08 | Build | Mining Camp |
| 46:23 | Build | House |
| 46:24 | Build | House |
| 46:25 | Build | House |
| 46:27 | Build | House |
| 46:52 | Research | Gold Mining |
| 46:52 | Research | Stone Mining |
| 47:13 | Build | Market |
| 47:14 | Build | Market |
| 47:32 | Create | Villager (Male) |
| 47:32 | Create | Villager (Male) |
| 47:32 | Create | Villager (Male) |
| 47:33 | Create | Villager (Male) |
| 47:33 | Create | Villager (Male) |
| 47:33 | Create | Villager (Male) |
Build order — GUS_1234
26 actions detected in the replay
| 0:08 | Create | Villager (Male) |
| 0:09 | Research | Loom |
| 0:17 | Build | House |
| 0:18 | Build | House |
| 0:22 | Create | Villager (Male) ×4 |
| 0:22 | Create | Villager (Male) ×4 |
| 0:22 | Create | Villager (Male) ×4 |
| 0:32 | Build | House |
| 0:34 | Build | House |
| 1:28 | Create | Villager (Male) |
| 1:29 | Create | Villager (Male) |
| 2:18 | Create | Villager (Male) |
| 2:18 | Create | Villager (Male) |
| 3:03 | Create | Villager (Male) |
| 3:04 | Create | Villager (Male) |
| 3:47 | Create | Villager (Male) |
| 3:48 | Create | Villager (Male) |
| 4:01 | Build | Dock |
| 4:10 | Create | Villager (Male) |
| 4:44 | Create | Villager (Male) |
| 4:57 | Create | Villager (Male) |
| 4:57 | Create | Villager (Male) |
| 5:22 | Build | Lumber Camp |
| 5:32 | Create | Villager (Male) |
| 5:33 | Create | Villager (Male) |
| 5:33 | Create | Villager (Male) |
Build order — Cole12335
First 150 of 370 actions detected
| 0:05 | Build | House |
| 0:07 | Build | House |
| 0:08 | Create | Villager (Male) |
| 0:08 | Create | Villager (Male) |
| 0:11 | Research | Loom |
| 0:33 | Create | Villager (Male) |
| 0:34 | Create | Villager (Male) |
| 0:54 | Create | Villager (Male) |
| 1:58 | Build | Lumber Camp |
| 1:59 | Create | Villager (Male) |
| 2:57 | Create | Villager (Male) |
| 2:57 | Create | Villager (Male) |
| 3:52 | Create | Villager (Male) |
| 4:19 | Create | Villager (Male) |
| 4:48 | Create | Villager (Male) |
| 5:17 | Create | Villager (Male) |
| 5:38 | Create | Villager (Male) |
| 6:09 | Create | Villager (Male) |
| 6:14 | Build | House |
| 6:47 | Build | Mill |
| 7:08 | Create | Villager (Male) |
| 8:06 | Research | Feudal Age |
| 10:10 | Build | Barracks |
| 10:12 | Build | House |
| 10:13 | Build | House |
| 10:16 | Age | Feudal Age |
| 10:18 | Create | Villager (Male) |
| 10:20 | Create | Villager (Male) |
| 10:29 | Research | Double-Bit Axe |
| 10:31 | Research | Horse Collar |
| 11:05 | Build | Mining Camp |
| 11:09 | Create | Villager (Male) |
| 11:42 | Build | Blacksmith |
| 11:57 | Create | Villager (Male) |
| 11:59 | Research | Wheelbarrow |
| 12:28 | Create | Villager (Male) |
| 12:57 | Build | Market |
| 13:25 | Build | Mill |
| 13:38 | Build | Farm |
| 13:38 | Build | Farm |
| 13:39 | Build | Farm |
| 14:04 | Create | Villager (Male) |
| 14:04 | Create | Villager (Male) |
| 14:31 | Create | Villager (Male) |
| 14:54 | Build | Farm |
| 14:54 | Build | Farm |
| 15:26 | Create | Villager (Male) |
| 15:27 | Create | Villager (Male) |
| 15:32 | Build | Farm |
| 15:55 | Build | Farm |
| 16:23 | Build | House |
| 16:24 | Build | House |
| 16:39 | Create | Trade Cart |
| 16:39 | Create | Trade Cart |
| 17:05 | Create | Villager (Male) |
| 17:23 | Research | Castle Age |
| 17:39 | Build | Archery Range |
| 17:42 | Build | Archery Range |
| 18:10 | Build | Mining Camp |
| 19:40 | Create | Villager (Male) |
| 19:41 | Create | Villager (Male) |
| 20:10 | Age | Castle Age |
| 20:25 | Build | Town Center |
| 21:06 | Build | Town Center |
| 21:15 | Create | Villager (Male) |
| 21:16 | Create | Villager (Male) |
| 21:29 | Create | Villager (Male) |
| 21:29 | Create | Villager (Male) |
| 21:29 | Create | Villager (Male) |
| 21:35 | Research | Bow Saw |
| 21:51 | Create | Villager (Male) |
| 21:58 | Research | Stone Mining |
| 22:15 | Build | Farm |
| 22:15 | Build | Farm |
| 22:16 | Build | Farm |
| 22:41 | Create | Villager (Male) |
| 22:42 | Create | Villager (Male) |
| 22:42 | Create | Villager (Male) |
| 22:49 | Create | Villager (Male) |
| 22:53 | Create | Villager (Male) |
| 22:54 | Create | Villager (Male) |
| 22:57 | Create | Trade Cart |
| 22:57 | Create | Trade Cart |
| 23:01 | Research | Caravan |
| 23:14 | Create | Villager (Male) |
| 23:14 | Create | Villager (Male) |
| 23:16 | Create | Villager (Male) |
| 23:39 | Build | Farm |
| 23:42 | Build | Farm |
| 23:43 | Create | Villager (Male) |
| 23:43 | Create | Villager (Male) |
| 23:44 | Create | Villager (Male) |
| 23:59 | Build | Farm |
| 24:03 | Build | Farm |
| 24:11 | Build | House |
| 24:14 | Build | House |
| 24:15 | Build | House |
| 24:26 | Build | Monastery |
| 24:31 | Build | Farm |
| 24:35 | Build | Farm |
| 24:38 | Create | Villager (Male) |
| 24:39 | Create | Villager (Male) |
| 24:47 | Create | Trade Cart |
| 24:47 | Create | Trade Cart |
| 24:58 | Create | Monk |
| 25:08 | Create | Villager (Male) |
| 25:09 | Create | Villager (Male) |
| 25:12 | Build | Farm |
| 25:14 | Build | Farm |
| 25:17 | Create | Villager (Male) |
| 25:17 | Create | Villager (Male) |
| 25:25 | Build | Farm |
| 25:26 | Build | Farm |
| 25:28 | Build | Farm |
| 25:36 | Research | Heavy Plow |
| 25:39 | Create | Villager (Male) |
| 25:43 | Build | Farm |
| 25:49 | Build | Farm |
| 26:19 | Create | Trade Cart |
| 26:19 | Create | Trade Cart |
| 26:25 | Create | Villager (Male) |
| 26:26 | Create | Villager (Male) |
| 26:26 | Create | Villager (Male) |
| 26:29 | Build | Farm |
| 26:42 | Build | House |
| 26:43 | Build | House |
| 26:45 | Build | House |
| 26:45 | Build | House |
| 26:47 | Build | House |
| 26:47 | Build | House |
| 26:53 | Create | Villager (Male) |
| 26:54 | Create | Villager (Male) |
| 26:56 | Research | Hand Cart |
| 26:56 | Create | Villager (Male) |
| 27:39 | Create | Villager (Male) |
| 27:39 | Create | Villager (Male) |
| 28:28 | Build | Castle |
| 28:40 | Create | Villager (Male) |
| 28:40 | Create | Villager (Male) |
| 28:41 | Create | Villager (Male) |
| 28:42 | Create | Villager (Male) |
| 28:42 | Create | Villager (Male) |
| 28:43 | Create | Villager (Male) |
| 28:51 | Build | House |
| 28:52 | Build | House |
| 29:00 | Build | House |
| 29:01 | Build | House |
| 29:15 | Build | University |
| 29:31 | Create | Plumed Archer |
| 29:31 | Create | Plumed Archer |
Build order — UBATAY2732
22 actions detected in the replay
| 0:01 | Create | Villager (Male) |
| 0:01 | Create | Villager (Male) |
| 0:02 | Create | Villager (Male) |
| 0:02 | Create | Villager (Male) |
| 0:02 | Create | Villager (Male) |
| 0:04 | Build | House |
| 0:06 | Build | House |
| 1:39 | Create | Villager (Male) |
| 1:40 | Create | Villager (Male) |
| 2:11 | Create | Villager (Male) |
| 2:12 | Create | Villager (Male) |
| 2:27 | Create | Villager (Male) |
| 3:27 | Create | Villager (Male) |
| 3:27 | Create | Villager (Male) |
| 3:27 | Create | Villager (Male) |
| 3:55 | Create | Villager (Male) |
| 3:55 | Create | Villager (Male) |
| 3:55 | Create | Villager (Male) |
| 4:02 | Build | House |
| 4:16 | Build | Lumber Camp |
| 4:25 | Create | Villager (Male) |
| 4:25 | Create | Villager (Male) |
Build order — mziljian15
5 actions detected in the replay
| 1:42 | Build | Dock |
| 1:59 | Create | Villager (Male) |
| 1:59 | Create | Villager (Male) |
| 2:35 | Build | House |
| 2:45 | Build | House |
Match timeline
| 1:42 | mziljian15 · first_building Dock |
| 2:04 | danok83 · wall_segment Palisade Wall x4 |
| 3:40 | bilgi · wall_segment Palisade Wall x7 |
| 4:01 | GUS_1234 · first_building Dock |
| 4:57 | mziljian15 · resign |
| 4:59 | bilgi · wall_segment Palisade Wall x6 |
| 4:59 | bilgi · wall_segment Palisade Wall x1 |
| 5:28 | danok83 · wall_segment Palisade Wall x8 |
| 6:14 | bilgi · wall_segment Palisade Wall x7 |
| 6:14 | bilgi · wall_segment Palisade Wall x1 |
| 7:39 | danok83 · first_building Dock |
| 10:10 | Cole12335 · first_building Barracks |
| 10:16 | Cole12335 · age_up feudal |
| 13:43 | danok83 · age_up feudal |
| 14:16 | bilgi · age_up feudal |
| 14:27 | lesteredie · age_up feudal |
| 17:20 | Cole12335 · first_market_buy 100 food |
| 17:39 | Cole12335 · first_building Archery Range |
| 18:12 | lesteredie · first_building Barracks |
| 19:15 | lesteredie · first_building Archery Range |
| 19:34 | lesteredie · wall_segment Stone Wall x1 |
| 20:10 | Cole12335 · age_up castle |
| 20:12 | danok83 · first_market_buy 100 wood |
| 20:12 | lesteredie · age_up castle |
| 20:40 | lesteredie · first_market_buy 100 wood |
| 20:58 | danok83 · age_up castle |
| 21:58 | lesteredie · first_building Castle |
| 24:26 | Cole12335 · first_building Monastery |
| 25:47 | danok83 · first_building Castle |
| 27:05 | lesteredie · first_market_sell 100 wood |
| 28:23 | danok83 · first_building Siege Workshop |
| 28:28 | Cole12335 · first_building Castle |
| 30:26 | danok83 · first_building Barracks |
| 32:04 | danok83 · age_up imperial |
| 32:41 | lesteredie · age_up imperial |
| 34:31 | Cole12335 · first_building Siege Workshop |
| 37:17 | lesteredie · first_building Stable |
| 39:21 | Cole12335 · age_up imperial |
| 46:29 | danok83 · first_building Archery Range |
| 52:04 | danok83 · first_market_sell 500 food |
[ AI ANALYSIS · 1 CREDIT ]
What really happened in this match?
Wolo.gg analyzes every decision: build order, eco, micro, common mistakes by bracket. Personalized analysis on WhatsApp or Discord in 30 seconds.
Civ guide
Koreans
Map guide
Black Forest
Perfil
Jugador #20404788